 Dungeon Crawl Stone Soup version 0.31-a0-188-g5e087ee2ca (webtiles) character file.

Game seed: 2103122243428541159

42 qw the Shooter (level 3, 0/20 HPs)
             Began as a Deep Elf Hunter on June 23, 2023.
             Succumbed to an adder's poison
             ... on level 2 of the Dungeon.
             The game lasted 00:00:22 (1084 turns).

qw the Shooter (Deep Elf Hunter)                    Turns: 1084, Time: 00:00:23

Health: 0/20       AC:  5    Str: 10    XL:     3   Next: 35%
Magic:  5/5        EV: 12    Int: 13    God:
Gold:   63         SH:  0    Dex: 18    Spells: 2/2 levels left

rFire   . . .        Y - +0 shortbow
rCold   . . .        (shield currently unavailable)
rNeg    . . .        c - +0 leather armour
rPois   .            (no helmet)
rElec   .            k - +1 cloak
rCorr   .            (no gloves)
SInv    .            (no boots)
Will    .....        (no amulet)
Stlth   ++           (no ring)
HPRegen 0.23/turn    (no ring)
MPRegen 0.09/turn

%: no passive effects
@: lethally poisoned (0 -> -1)
A: no striking features
a: no special abilities


You were on level 2 of the Dungeon.
You visited 1 branch of the dungeon, and saw 2 of its levels.

You collected 78 gold pieces.
You spent 15 gold pieces at shops.


   Skills:
 - Level 1.5 Fighting
 + Level 6.9 Ranged Weapons
 - Level 2.4 Dodging
 - Level 1.2 Stealth


You had 2 spell levels left.
You didn't know any spells.
Your spell library was empty.

Inventory:

Hand Weapons
 Y - a +0 shortbow (weapon)
Armour
 c - a +0 leather armour (worn)
 k - a +1 cloak (worn)
Scrolls
 f - 2 scrolls of identify
Potions
 a - a potion of attraction {unknown}
 g - 2 potions of lignification {unknown}
 h - a potion of might {unknown}
 i - a potion of magic {unknown}

Dungeon Overview and Level Annotations

Branches:
Dungeon (2/15)

Altars:

Shops:
D:1 ((:*:

Annotations:
D:2 1 runed translucent door, Crazy Yiuf


Message History

The adder poisons you!
You shoot an arrow. The arrow hits the adder.
The adder is heavily wounded.
You feel sick. The adder bites you.
You are more poisoned.
The adder poisons you! The adder bites you but does no damage.
You shoot an arrow. The arrow closely misses the adder.
You feel sick. The adder bites you.
You are lethally poisoned!
The adder poisons you! The hobgoblin closely misses you.
You shoot an arrow. The arrow barely misses the adder.
The arrow hits the goblin.
You kill the goblin!
You feel very sick. The adder bites you but does no damage.
The hobgoblin barely misses you.
You shoot an arrow. The arrow hits the adder!
You kill the adder!
You feel sick. The hobgoblin barely misses you.
You shoot an arrow. The arrow hits the hobgoblin.
The hobgoblin is moderately wounded.
You feel sick. The hobgoblin closely misses you.
You shoot an arrow. The arrow barely misses the hobgoblin.
You feel sick. The hobgoblin barely misses you.
You shoot an arrow.
The arrow hits the hobgoblin but does no damage.
The hobgoblin is moderately wounded.
You feel sick.
The hobgoblin hits you but does no damage.
You shoot an arrow.
The arrow hits the hobgoblin but does no damage.
The hobgoblin is moderately wounded.
You feel sick. The hobgoblin barely misses you.
You shoot an arrow. The arrow closely misses the hobgoblin.
You feel sick.
The hobgoblin hits you but does no damage.
You shoot an arrow. The arrow hits the hobgoblin.
You kill the hobgoblin!
You feel sick.
There is a lethal amount of poison in your body!
You die...

##)).# ).. .+..g# #.#
##..)# #.# ### #.# ##'##
##...## # #######
##.....## ##... ......#
##.......#......
##....###.....[.@%)#
..).....'........%......
##....###..........##...
##..#.# ##.......#... ..
###.#.# ##.....#####. #
#.#.# ##...## .. # #.#.#
##+## # . ....# # #.###


There were no monsters in sight!

Vanquished Creatures
  2 adders (D:2)
  3 ball pythons
  An endoplasm (D:1)
  A giant cockroach (D:2)
  A goblin (D:2)
  3 hobgoblins
  5 kobolds
  2 quokkas (D:2)
  3 bats
  A frilled lizard (D:2)
  2 rats (D:1)
24 creatures vanquished.

Notes
Turn   | Place    | Note
-------+----------+-------------------------------------------
     0 | D:1      | qw the Deep Elf Hunter began the quest for the Orb.
     0 | D:1      | Reached XP level 1. HP: 12/12 MP: 3/3
     0 | D:1      | 0 ||| qw: Version: 0.3-a-9-g12657ce
     0 | D:1      | 0 ||| qw: Game counter: 3168
     0 | D:1      | 0 ||| qw: Always use a shield: true
     0 | D:1      | 0 ||| qw: God list: Okawaru
     0 | D:1      | 0 ||| qw: Allow faded altars: false
     0 | D:1      | 0 ||| qw: Do Orc after D:15 true
     0 | D:1      | 0 ||| qw: Do second Lair branch before Depths: true
     0 | D:1      | 0 ||| qw: Lair rune preference: random
     0 | D:1      | 0 ||| qw: Plans: Normal
     0 | D:1      | 0 ||| PLANNING D:1-11
    48 | D:1      | Found Kulil's Book Shoppe.
    68 | D:1      | Found Moqoes's Weapon Emporium.
   158 | D:1      | Found Dodimil's Weapon Boutique.
   166 | D:1      | 166 ||| SHOPLISTING +4 arbalest of freezing (391 gold, have
                  | 24).
   329 | D:1      | Reached skill level 6 in Ranged Weapons
   329 | D:1      | Reached XP level 2. HP: 16/16 MP: 4/4
   337 | D:1      | Found Vuir's Assorted Antiques.
   353 | D:1      | 353 ||| SHOPLISTING runed ring mail (105 gold, have 27).
   353 | D:1      | 353 ||| BUYING scroll labelled ISSICLISEZ (15 gold).
   353 | D:1      | Bought a scroll labelled ISSICLISEZ for 15 gold pieces
   353 | D:1      | 353 ||| SHOPLISTING scroll labelled PEKKOFF ONIVEM (15
                  | gold, have 12).
   353 | D:1      | 353 ||| SHOPLISTING scroll labelled RAELEU XITA (15 gold,
                  | have 12).
   353 | D:1      | 353 ||| SHOPLISTING shiny fluorescent wand (60 gold, have
                  | 12).
   432 | D:1      | Found a faded altar of an unknown god.
   550 | D:1      | Found Daicroes's Book Shop.
   579 | D:1      | 579 ||| UPGRADING to +1 cloak.
   584 | D:1      | 584 ||| READING scroll labelled GYOSUM ANNORR.
   685 | D:1      | 685 ||| READING 3 scrolls labelled RAELEU XITA.
   686 | D:1      | 686 ||| READING scroll labelled ISSICLISEZ.
   687 | D:1      | 687 ||| READING scroll labelled NIVIKI GARAISM.
   688 | D:1      | 688 ||| READING 2 scrolls of identify.
   688 | D:1      | 688 ||| IDENTIFYING fizzy coppery potion
   689 | D:1      | 689 ||| DROPPING scroll of butterflies.
   690 | D:1      | 690 ||| DROPPING potion of invisibility.
   742 | D:2      | 742 ||| STAIRDANCE
   745 | D:2      | 745 ||| STAIRDANCE
  1015 | D:2      | Found a runed translucent door.
  1016 | D:2      | Noticed Crazy Yiuf
  1043 | D:2      | Reached XP level 3. HP: 20/20 MP: 5/5
  1078 | D:2      | HP: 5/20 [poisoned by an adder]
  1081 | D:2      | HP: 2/20 [poisoned by an adder]
  1084 | D:2      | Succumbed to an adder's poison

Levels and vault maps discovered:
D:1:      lemuel_arrival_behind_the_door_small, layout_basic, serial_shops,
          shop, shop, nicolae_shop_bloodbath_and_beyond,
          nicolae_shop_overgrown_old_shop, shop_fountains,
          shapermc_ecumenical_altar_petra, minmay_misc_feat_plants
D:2:      layout_loops_corners, reono_crystal_passage, uniq_crazy_yiuf_cottage

Skill      XL: |  1 |
---------------+----+-----
Ranged Weapons | 6 |  6.9
Fighting       | |  1.5
Dodging        | |  2.4
Stealth        | |  1.2

Action                     || total
---------------------------++-------
   Fire: Shortbow          ||    61
    Use: Scroll            ||     5
 Armour: Leather armour    ||     6
  Dodge: Dodged            ||    17

Table legend:
 A = Non-vault XP
 B = Vault XP
 C = Vault XP percentage of total XP
 D = Non-vault monster count
 E = Vault monster count
 F = Vault count percentage of total count
                 A         B        C        D         E       F
            +---------+---------+-------+---------+---------+-------
      Total |      61 |       0 |   0.0 |      24 |       0 |   0.0
            +---------+---------+-------+---------+---------+-------
        D:1 |      14 |       0 |   0.0 |       9 |       0 |   0.0
        D:2 |      47 |       0 |   0.0 |      15 |       0 |   0.0
            +---------+---------+-------+---------+---------+-------
